Map: [ESL] Data-C

Players

Scarlett

  • Race: Zerg Zerg
  • Spawn Location: 9:00

Creator - Winner!

  • Race: Protoss Protoss
  • Spawn Location: 3:00

Event: DreamHack SC2 Masters 2022 Valencia

VOD

Have the link to the VOD?

Description

Time

  • Played on: July 2, 2022, 10:31 a.m.
  • Length: 15:23

All games in this series

Show
View Real Time Build Order
Export as new Build Order

Scarlett Zerg 

Build Orders: 3 Hatch before Pool 

Get SALT Encoding   

  12  0:00  Drone  
  13  0:12  Overlord  
  13  0:17  Drone  
  14  0:33  Drone x2  
  16  0:38  Drone  
  17  0:46  Drone  
  18  1:00  Hatchery  
  17  1:16  Hatchery  
  16  1:19  Drone  
  16  1:22  Drone  
  18  1:27  Extractor  
  17  1:38  Spawning Pool  
  16  1:41  Drone  
  16  1:44  Drone  
  18  1:49  Drone  
  18  1:52  Drone  
  20  2:03  Overlord  
  20  2:12  Drone  
  21  2:17  Drone  
  22  2:25  Queen x2  
  27  2:31  Hatchery  
  27  2:37  Metabolic Boost  
  26  2:40  Drone  
  27  2:44  Zergling x2  
  27  2:45  Zergling x2  
  27  2:49  Zergling x2  
  27  2:51  Zergling x2  
  31  2:55  Overlord  
  31  2:59  Drone  
  31  3:06  Queen  
  31  3:11  Overlord  
  33  3:13  Drone  
  33  3:18  Drone x3  
  37  3:27  Queen  
  37  3:28  Drone  
  40  3:35  Drone x3  
  43  3:42  Queen  
  43  3:45  Drone  
  46  3:48  Queen  
  46  3:52  Spore Crawler  
  46  3:54  Drone  
  48  3:56  Drone  
  48  4:00  Drone x2  
  51  4:03  Drone x2  
  51  4:07  Drone x2  
  55  4:15  Evolution Chamber, Drone x3  
  57  4:19  Drone  
  57  4:21  Overlord  
  57  4:39  Overlord  
  57  4:41  Drone, Overlord  
  57  4:42  Drone  
  57  4:43  Zerg Melee Weapons Level 1  
  57  4:50  Drone, Overlord  
  58  4:55  Overlord  
  58  5:01  Drone x5  
  58  5:06  Spore Crawler, Drone x2  
  64  5:18  Drone x8  
  64  5:20  Zergling x2  
  72  5:25  Drone  
  73  5:34  Extractor  
  73  5:35  Extractor  
  71  5:37  Drone  
  71  5:38  Drone x2  
  71  5:39  Drone x4  
  78  5:44  Zergling x8, Hatchery  
  78  5:48  Zergling x2  
  82  5:51  Spore Crawler, Overlord  
  82  5:53  Zergling x2  
  80  6:06  Zergling x4  
  82  6:12  Drone x8  
  82  6:15  Lair  
  90  6:18  Extractor x2  
  90  6:20  Roach Warren  
  90  6:23  Overlord  
  90  6:24  Drone x3  
  90  6:28  Overlord x3  
  90  6:33  Overlord  
  90  6:41  Overlord, Queen  
  92  6:47  Drone x2  
  92  6:52  Queen  
  96  6:56  Queen, Drone x6  
  103  7:12  Drone x6  
  103  7:13  Drone x6  
  103  7:15  Zergling x4  
  117  7:16  Queen  
  117  7:20  Drone x2  
  117  7:22  Queen  
  119  7:24  Overseer  
  119  7:26  Spore Crawler, Zergling x6  
  119  7:28  Glial Reconstitution, Queen  
  121  7:32  Queen  
  121  7:33  Roach x3  
  133  7:37  Roach x2  
  133  7:39  Roach x4  
  137  7:50  Roach x6  
  142  7:53  Roach x2  
  134  8:00  Roach x5  
  134  8:05  Roach x4  
  141  8:11  Roach x3  
  141  8:12  Roach x2  
  129  8:21  Roach x3  
  129  8:23  Roach  
  129  8:27  Roach x3  
  141  8:30  Queen x2  
  141  8:31  Roach  
  137  8:40  Baneling Nest  
  136  8:43  Roach x4  
  138  8:53  Spire  
  135  8:59  Extractor  
  134  9:08  Drone x3  
  134  9:09  Drone x3  
  138  9:10  Drone x4, Extractor x2  
  138  9:11  Overlord x4  
  140  9:27  Centrifugal Hooks  
  140  9:28  Overlord  
  140  9:29  Overlord x4  
  140  9:33  Drone x8  
  148  9:44  Overlord x3  
  149  9:45  Zergling x6  
  149  9:47  Zergling x6  
  153  10:05  Mutalisk x7  
  164  10:10  Mutalisk  
  164  10:11  Zerg Flyer Weapons Level 1  
  164  10:12  Mutalisk x3  
  172  10:18  Mutalisk x4  
  172  10:19  Zergling x2  
  172  10:20  Zergling x8  
  183  10:25  Zerg Melee Weapons Level 2  
  179  10:40  Hatchery  
  179  10:42  Mutalisk x4  
  179  10:46  Drone  
  179  10:48  Drone x2  
  189  10:50  Zergling x20  
  189  10:52  Baneling x5  
  196  11:05  Mutalisk  
  196  11:17  Infestation Pit  
  189  11:18  Mutalisk  
  189  11:19  Mutalisk x4  
  195  11:37  Corruptor x4  
  199  11:46  Corruptor x2  
  189  11:51  Zergling x24  
  198  11:58  Extractor  
  190  12:03  Hive  
  190  12:04  Extractor  
  184  12:11  Zerg Flyer Armor Level 1  
  184  12:12  Corruptor x2  
  188  12:16  Drone x3  
  188  12:17  Zergling x16  
  199  12:38  Baneling x14  
  199  12:39  Baneling x4  
  195  12:53  Spire  
  195  12:54  Evolution Chamber  
  195  12:56  Hatchery  
  192  13:02  Corruptor  
  192  13:03  Corruptor x6  
  174  13:13  Drone x4  
  174  13:15  Adrenal Glands  
  178  13:25  Viper  
  181  13:27  Zergling x26  
  192  13:44  Corruptor x3  
  192  13:47  Baneling x8  
  196  14:14  Corruptor x2  
  197  14:30  Baneling x12  
  178  14:44  Roach x9  
  189  14:57  Hatchery  
  146  15:02  Roach x12  
  146  15:03  Roach x7  
Show
View Real Time Build Order
Export as new Build Order

Creator Protoss - Winner!

Build Orders: Oracle Opening, Phoenix Opening, Carriers, Zealot Archon 

Get SALT Encoding   

  12  0:00  Probe  
  13  0:12  Probe  
  14  0:19  Pylon  
  14  0:24  Probe  
  15  0:37  Probe (Chrono Boost)  
  15  0:40  Gateway  
  16  0:47  Probe (Chrono Boost)  
  17  0:50  Assimilator  
  17  0:52  Probe  
  18  1:04  Probe  
  19  1:17  Probe  
  20  1:21  Gateway  
  20  1:27  Zealot (Chrono Boost)  
  20  1:28  Cybernetics Core  
  22  1:34  Pylon  
  22  1:37  Probe  
  23  1:52  Probe  
  24  2:03  Assimilator  
  24  2:04  Adept, Probe  
  24  2:08  Adept  
  29  2:18  Pylon  
  29  2:20  Probe  
  30  2:42  Stargate  
  30  2:51  Nexus  
  30  2:54  Probe  
  30  2:57  Warp Gate  
  31  3:06  Probe  
  32  3:18  Probe, Adept  
  35  3:22  Pylon  
  35  3:24  Oracle (Chrono Boost)  
  38  3:30  Probe  
  41  3:42  Probe (Chrono Boost)  
  40  3:54  Probe (Chrono Boost), Phoenix  
  43  4:00  Probe (Chrono Boost)  
  44  4:04  Probe (Chrono Boost)  
  46  4:13  Probe (Chrono Boost)  
  46  4:14  Probe (Chrono Boost)  
  47  4:20  Oracle  
  47  4:21  Probe (Chrono Boost)  
  47  4:23  Probe (Chrono Boost)  
  52  4:29  Probe (Chrono Boost)  
  54  4:32  Probe (Chrono Boost)  
  54  4:35  Assimilator  
  54  4:36  Pylon, Assimilator  
  54  4:38  Probe  
  54  4:42  Probe  
  52  4:47  Adept x2  
  52  4:52  Probe  
  57  4:56  Nexus  
  57  4:58  Pylon, Probe  
  58  5:05  Robotics Facility  
  58  5:09  Twilight Council  
  58  5:11  Probe  
  58  5:12  Probe  
  60  5:26  Probe x2  
  60  5:28  Gateway  
  62  5:29  Gateway  
  62  5:35  Adept  
  62  5:37  Shield Battery  
  62  5:38  Probe  
  62  5:42  Warp Prism  
  65  5:44  Charge (Chrono Boost)  
  65  5:48  Probe  
  64  5:50  Probe  
  64  5:56  Templar Archives  
  67  6:09  Probe  
  67  6:10  Probe x2  
  70  6:16  Gateway  
  70  6:17  Adept x2, Gateway  
  70  6:21  Probe  
  70  6:24  Probe x2  
  73  6:27  Pylon  
  73  6:32  Gateway  
  73  6:34  Probe  
  73  6:37  Gateway  
  73  6:41  Probe x2  
  73  6:44  High Templar x4  
  73  6:46  Probe  
  84  6:48  Archon  
  84  6:49  Archon  
  84  6:53  Probe x2  
  86  6:58  Probe  
  87  7:01  Forge  
  87  7:03  Robotics Bay  
  87  7:04  Pylon x2  
  87  7:12  Probe  
  87  7:13  Probe x2  
  90  7:15  Assimilator  
  90  7:16  Assimilator  
  90  7:26  Probe  
  90  7:27  Probe x2  
  89  7:31  Zealot x4  
  89  7:32  Zealot x3  
  89  7:33  Zealot  
  89  7:35  Protoss Ground Weapons Level 1  
  105  7:49  Disruptor (Chrono Boost)  
  103  7:51  Zealot x2  
  103  7:52  Zealot x5  
  103  7:55  Zealot  
  108  8:07  Probe x3  
  108  8:09  Assimilator  
  108  8:11  Zealot  
  108  8:12  Zealot x4  
  115  8:17  Zealot x2  
  115  8:18  Nexus  
  117  8:22  Zealot  
  115  8:29  Disruptor (Chrono Boost)  
  104  8:39  Zealot x7  
  112  8:44  Pylon  
  104  8:56  Photon Cannon  
  104  8:58  Void Ray (Chrono Boost), Shield Battery  
  104  9:00  Stargate  
  104  9:02  Disruptor (Chrono Boost)  
  108  9:06  Stalker, Sentry  
  108  9:08  Probe (Chrono Boost)  
  108  9:09  Probe x2 (Chrono Boost)  
  118  9:17  Fleet Beacon  
  118  9:20  Probe (Chrono Boost)  
  118  9:21  Probe (Chrono Boost)  
  121  9:26  Probe (Chrono Boost)  
  121  9:27  Shield Battery  
  121  9:29  Disruptor (Chrono Boost), High Templar x2  
  128  9:31  High Templar x2  
  128  9:36  Photon Cannon, Archon x2  
  132  9:40  Shield Battery  
  132  9:42  Zealot  
  132  9:43  Pylon  
  138  9:55  Photon Cannon  
  138  9:57  Pylon, Assimilator x2  
  138  10:01  Protoss Air Weapons Level 1  
  138  10:05  Carrier (Chrono Boost)  
  138  10:07  Carrier (Chrono Boost)  
  138  10:13  Stargate  
  146  10:16  Photon Cannon  
  146  10:17  Photon Cannon  
  146  10:27  Pylon  
  146  10:29  Pylon  
  136  10:44  Stalker x2, High Templar x2  
  136  10:45  Photon Cannon  
  136  10:47  Shield Battery  
  136  10:48  Pylon  
  140  10:50  Photon Cannon  
  140  10:52  Anion Pulse-Crystals  
  140  10:54  Phoenix x2 (Chrono Boost), Archon  
  144  10:57  Phoenix  
  144  11:01  Stalker x4  
  148  11:18  Phoenix (Chrono Boost)  
  150  11:23  Photon Cannon  
  150  11:25  Shield Battery  
  146  11:26  Phoenix (Chrono Boost)  
  147  11:36  Carrier (Chrono Boost)  
  147  11:38  Observer  
  154  11:43  Phoenix x2 (Chrono Boost)  
  156  11:48  Pylon x2  
  156  11:49  Pylon, Zealot x4  
  160  12:01  Phoenix (Chrono Boost)  
  155  12:09  Probe x4  
  155  12:10  Phoenix (Chrono Boost)  
  159  12:16  Pylon  
  159  12:18  Pylon  
  159  12:19  High Templar x2  
  163  12:23  Photon Cannon, Pylon  
  163  12:25  Shield Battery  
  163  12:27  Archon  
  159  12:41  Protoss Air Weapons Level 2  
  165  12:45  Probe x4  
  165  12:48  Carrier (Chrono Boost)  
  175  12:52  Gateway x2  
  175  12:53  Carrier (Chrono Boost)  
  175  12:57  Carrier (Chrono Boost)  
  163  13:17  Pylon  
  163  13:20  Immortal  
  163  13:23  Photon Cannon  
  163  13:24  Photon Cannon  
  163  13:25  High Templar x2  
  163  13:26  Shield Battery  
  169  13:37  Archon, High Templar x2  
  169  13:38  Zealot x3  
  169  13:40  Photon Cannon  
  179  13:43  Archon  
  179  13:53  Nexus  
  179  14:02  Zealot x2  
  179  14:03  Zealot x2  
  179  14:05  High Templar  
  179  14:06  High Templar  
  188  14:10  Archon  
  188  14:11  High Templar x2, Zealot  
  194  14:22  Archon  
  194  14:23  Zealot x3  
  200  14:35  Zealot x3  
  184  14:44  Zealot x7  
  169  15:05  Zealot x3  
  169  15:06  Zealot x7  

Tags
 
Add a new tag
Caveats
  • Supply blocks, unpowered buildings, or Contaminate may cause inaccurate times.
  • Supply counts are checked every 10 seconds.